Map: Eflorescencia EE

Players

minksta

  • Race: Terran Terran
  • League: Gold
  • Spawn Location: 6:00

haxor

  • Race: Terran Terran
  • League: Silver
  • Spawn Location: 9:00

MrFercho

  • Race: Zerg Zerg
  • League: Silver
  • Spawn Location: 12:00

tigro

  • Race: Terran Terran
  • League: Bronze
  • Spawn Location: 3:00

VOD

Have the link to the VOD?

Description

Time

  • Played on: June 4, 2020, 10:34 p.m.
  • Length: 14:21
Show
View Real Time Build Order
Export as new Build Order

minksta Terran 

Build Orders:  

Get SALT Encoding   

  12  0:01  SCV  
  13  0:15  SCV  
  14  0:22  Supply Depot  
  14  0:27  SCV  
  15  0:30  Refinery  
  15  0:44  SCV  
  15  0:47  Barracks  
  16  0:56  SCV  
  17  1:08  SCV  
  18  1:20  SCV  
  18  1:25  Supply Depot, Refinery  
  19  1:32  SCV  
  20  1:48  Marine  
  21  1:58  Command Center  
  21  2:07  Orbital Command  
  21  2:11  Barracks Reactor  
  21  2:25  Barracks  
  21  2:37  SCV  
  22  2:48  Marine x2  
  22  2:50  Factory  
  24  2:56  SCV  
  25  3:06  Marine x2  
  25  3:08  SCV  
  25  3:10  SCV  
  29  3:15  Barracks Tech Lab  
  29  3:20  SCV  
  29  3:23  SCV  
  29  3:26  Marine x2  
  33  3:35  SCV  
  33  3:36  Marine  
  33  3:37  Stimpack  
  35  3:47  SCV  
  36  3:55  Engineering Bay  
  36  3:56  Engineering Bay  
  36  3:58  Armory  
  36  4:00  SCV  
  38  4:06  Orbital Command  
  37  4:12  Marine x3  
  37  4:13  SCV  
  37  4:16  Factory Tech Lab  
  41  4:25  SCV  
  41  4:30  Marine x2  
  44  4:32  Starport  
  44  4:37  SCV  
  45  4:46  Supply Depot  
  45  4:48  Terran Infantry Armor Level 1, Terran Infantry Weapons Level 1  
  45  4:50  Terran Vehicle Weapons Level 1  
  45  4:55  Missile Turret  
  45  5:05  SCV  
  46  5:07  Siege Tank  
  46  5:09  Refinery  
  46  5:11  Refinery, SCV  
  50  5:17  SCV  
  50  5:19  Sensor Tower  
  50  5:21  Missile Turret  
  51  5:23  SCV  
  52  5:32  Supply Depot  
  52  5:35  Starport Reactor, SCV  
  53  5:40  SCV  
  54  5:53  SCV x2  
  54  5:54  Supply Depot  
  56  6:05  SCV x2  
  58  6:13  Medivac x2  
  58  6:15  Marine x2  
  58  6:16  Supply Depot, Marine  
  58  6:17  SCV  
  58  6:18  SCV  
  67  6:29  Barracks  
  67  6:40  Combat Shield  
  67  6:44  Marauder, Marine, Terran Vehicle And Ship Armor Level 1  
  67  6:45  Marine  
  71  6:47  Siege Tank  
  74  7:02  Marine  
  74  7:03  Marine  
  74  7:06  Marauder  
  78  7:40  Supply Depot, Marine x3  
  78  7:41  Marauder  
  78  7:44  Terran Infantry Weapons Level 2, Terran Infantry Armor Level 2  
  83  7:58  Marine x2  
  85  7:59  Concussive Shells  
  85  8:02  Marauder, Supply Depot  
  87  8:07  Siege Tank  
  87  8:08  Medivac x2  
  94  8:13  Barracks Reactor  
  94  8:16  Marine  
  94  8:24  Marine x2, SCV  
  94  8:33  Marine  
  95  8:36  SCV  
  95  8:39  Siege Tank  
  99  8:42  Marine x2  
  101  9:07  Medivac x2, Supply Depot  
  105  9:11  Siege Tank  
  105  9:12  Terran Vehicle Weapons Level 2  
  108  9:29  Supply Depot  
  107  9:44  Siege Tank  
  110  9:51  Missile Turret  
  110  9:55  Factory  
  110  10:04  Starport  
  110  10:08  Command Center  
  110  10:09  Marine  
  110  10:10  Marine x4  
  110  10:14  Terran Infantry Weapons Level 3  
  115  10:17  Supply Depot  
  115  10:24  Thor  
  115  10:27  Marine x2  
  115  10:28  Marine x2  
  125  10:36  Marauder  
  125  10:41  Supply Depot  
  127  10:45  Marine x2  
  127  10:46  Marine x2  
  131  10:51  Refinery  
  131  10:58  Marauder  
  131  11:03  Supply Depot, Marine x2  
  130  11:19  Marauder  
  130  11:26  Supply Depot  
  130  11:41  Marauder  
  126  12:12  Marine x5  
  126  12:15  Thor  
  137  12:17  Factory Tech Lab  
  137  12:29  Marine  
  137  12:30  Marine x3  
  137  12:31  Marauder  
  137  12:36  SCV  
  144  12:40  SCV x2  
  146  12:47  Marine, Missile Turret  
  146  12:48  SCV  
  146  12:50  Marine x3  
  146  12:51  Refinery  
  151  12:52  Marauder, SCV x2  
  151  12:57  Thor  
  161  13:00  SCV  
  161  13:05  Marine  
  162  13:06  Medivac  
  162  13:08  Marine x3  
  168  13:13  Marauder  
  170  13:23  Marine  
  170  13:26  Marine x3  
  174  13:34  Marine  
  181  14:00  Marine  
Show
View Real Time Build Order
Export as new Build Order

haxor Terran 

Build Orders:  

Get SALT Encoding   

  12  0:27  Supply Depot  
  12  0:31  Supply Depot  
  12  0:52  Refinery  
  12  0:55  Barracks  
  12  1:06  Barracks  
  12  1:08  SCV  
  13  1:20  Refinery, SCV  
  14  1:44  Orbital Command  
  14  1:54  Barracks Reactor  
  14  1:55  Barracks Reactor  
  14  2:32  Supply Depot  
  14  2:33  Reaper x4  
  18  2:54  Supply Depot, SCV  
  19  3:06  SCV  
  20  3:13  Factory  
  20  3:18  SCV  
  21  3:24  Engineering Bay  
  21  3:30  Marine  
  21  3:31  Marine x2  
  24  3:38  SCV  
  25  4:58  Missile Turret  
  25  5:00  Factory Tech Lab  
  25  5:01  Supply Depot  
  25  5:05  Starport  
  25  5:11  Command Center, Marine x4  
  29  5:26  Siege Tank  
  32  5:29  Marine x4  
  36  5:42  Supply Depot  
  36  5:46  Marine  
  36  5:47  Marine x2, Starport Tech Lab  
  42  6:04  Siege Tank  
  42  6:06  Marine  
  42  6:07  Marine x3  
  46  6:11  SCV  
  46  6:17  Cloaking Field  
  47  6:23  SCV  
  48  6:36  Siege Tank  
  51  6:48  Supply Depot  
  51  7:05  Terran Infantry Weapons Level 1  
  51  7:07  SCV  
  52  7:14  Marine x4  
  56  7:19  SCV  
  57  7:32  Marine x4  
  61  7:41  Raven  
  63  7:44  Supply Depot  
  63  7:50  Marine x3  
  66  8:14  Supply Depot  
  66  8:20  SCV  
  66  8:23  Banshee  
  70  8:32  SCV  
  71  8:44  SCV  
  72  8:56  SCV  
  72  8:59  Terran Infantry Armor Level 1  
  73  9:08  SCV  
  62  10:06  Orbital Command  
  62  10:11  Banshee  
  65  10:15  Marine x4  
  69  10:30  Supply Depot  
  69  10:33  Marine x4  
  73  10:51  Marine x4  
  73  10:54  Banshee  
  73  10:55  Refinery  
  80  11:08  Marine  
  80  11:09  Marine x3  
  84  11:14  Supply Depot  
  84  11:26  Marine x2  
  84  11:27  Marine x2  
  88  11:37  Raven  
  90  11:44  Marine x4  
  84  12:02  Marine x4  
Show
View Real Time Build Order
Export as new Build Order

MrFercho Zerg 

Build Orders: Pool First 

Get SALT Encoding   

  12  0:01  Drone  
  13  0:08  Drone  
  14  0:28  Extractor x2, Drone  
  14  0:29  Drone  
  16  0:40  Spawning Pool  
  15  1:03  Hatchery  
  14  1:06  Overlord  
  14  1:23  Extractor  
  13  1:26  Drone x3  
  13  1:31  Queen  
  18  1:48  Drone  
  18  1:49  Drone  
  20  2:03  Extractor  
  19  2:12  Zergling x4  
  21  2:27  Drone  
  21  2:28  Hatchery  
  21  2:52  Lair  
  21  2:56  Metabolic Boost  
  21  2:59  Drone  
  21  3:00  Drone  
  21  3:01  Drone  
  21  3:02  Drone  
  25  3:08  Zergling x2  
  25  3:09  Zergling x4  
  28  3:41  Drone x3  
  29  3:42  Hatchery  
  23  4:11  Zergling x2  
  23  4:12  Zergling x12  
  30  5:05  Drone x2  
  30  5:06  Drone x2  
  34  5:12  Drone  
  35  5:38  Drone x3  
  35  5:41  Drone  
  35  5:42  Drone  
  40  5:44  Overlord  
  40  6:03  Nydus Network  
  39  6:06  Evolution Chamber  
  39  6:10  Drone x4  
  42  6:16  Drone x2  
  44  6:33  Roach Warren  
  44  6:34  Zerg Ground Armor Level 1  
  44  6:38  Pneumatized Carapace  
  43  7:02  Drone x3  
  43  7:07  Extractor  
  45  7:11  Extractor  
  44  7:16  Hydralisk Den  
  44  7:21  Tunneling Claws  
  43  7:36  Roach x11  
  37  8:15  Overseer  
  37  8:18  Drone x3  
  40  8:23  Overseer  
  40  8:24  Overlord  
  33  8:46  Nydus Canal  
  33  8:55  Drone  
  33  8:56  Drone x5  
  19  9:44  Hydralisk x6  
  19  9:45  Hydralisk  
  33  9:57  Queen  
  35  10:02  Extractor  
  35  10:04  Drone x2  
  35  10:06  Drone  
  37  10:24  Drone  
  37  10:25  Drone x5  
  43  10:50  Glial Reconstitution  
  43  10:55  Zerg Ground Armor Level 2  
  43  11:31  Nydus Canal  
  43  11:57  Hydralisk  
  43  11:58  Hydralisk  
  43  12:01  Overlord x2  
  43  12:02  Overlord x2  
  37  12:24  Drone x3  
  40  12:30  Hydralisk x5  
  40  12:31  Hydralisk  
  52  12:54  Zergling x2  
  52  12:55  Zergling x14  
  60  13:14  Nydus Canal  
  47  13:38  Roach  
  47  13:39  Roach x14  
Show
View Real Time Build Order
Export as new Build Order

tigro Terran 

Build Orders:  

Get SALT Encoding   

  12  0:02  SCV  
  13  0:14  SCV  
  13  0:21  Supply Depot  
  14  0:34  SCV  
  15  0:40  Refinery  
  15  0:46  SCV  
  16  0:57  Barracks  
  16  1:13  SCV  
  17  1:25  SCV  
  18  1:26  Refinery  
  18  1:31  Supply Depot  
  18  1:37  SCV  
  19  1:45  Marine  
  20  1:49  SCV  
  21  2:01  Barracks, SCV  
  21  2:03  Marine  
  23  2:13  SCV  
  24  2:21  Marine  
  25  2:24  Engineering Bay  
  25  2:26  SCV  
  26  2:38  Marine, SCV  
  28  2:50  Barracks Tech Lab  
  28  2:56  Marine  
  29  3:03  Factory  
  29  3:31  Barracks Tech Lab  
  29  3:32  Combat Shield  
  29  3:39  Orbital Command  
  29  3:42  Terran Infantry Weapons Level 1  
  29  3:43  Command Center  
  29  3:50  Factory Tech Lab  
  29  3:52  Stimpack  
  29  3:55  Marine  
  28  4:31  Marine  
  26  4:49  Marine  
  26  4:51  Concussive Shells  
  27  5:03  SCV  
  28  5:07  Marine  
  29  5:15  SCV  
  30  5:27  SCV  
  31  5:36  Terran Infantry Armor Level 1  
  31  5:47  Starport, Refinery  
  31  6:10  SCV  
  32  6:22  SCV  
  33  6:28  Armory  
  33  6:30  Refinery  
  33  6:34  SCV  
  33  6:39  Medivac  
  36  6:46  SCV  
  37  6:49  Siege Tank  
  40  6:58  SCV  
  41  7:03  Missile Turret  
  41  7:11  SCV  
  42  7:16  Fusion Core  
  42  7:23  SCV  
  42  7:25  Missile Turret  
  43  7:30  Neosteel Armor  
  43  7:35  SCV  
  44  7:47  SCV  
  44  7:48  Missile Turret  
  34  7:59  SCV  
  34  8:02  Marine  
  36  8:13  Marine  
  36  8:16  Starport Tech Lab  
  36  8:19  Marine, Weapon Refit  
  37  8:26  Missile Turret  
  38  8:31  Marine  
  29  8:37  Marine  
  28  8:49  Marine  
  28  8:55  Marine  
  29  9:01  Battlecruiser  
  36  9:06  Marine  
  37  9:10  Hi-Sec Auto Tracking  
  37  9:13  Marine  
  38  9:24  Marine  
  39  9:39  Marine  
  39  9:42  Marine  
  39  9:43  Command Center  
  41  9:52  Widow Mine  
  43  9:57  Marine  
  43  9:59  Rapid Reignition System  
  44  10:00  Marine  
  44  10:01  Refinery  
  44  10:05  Medivac  
  47  10:07  Terran Infantry Armor Level 2  
  47  10:28  Supply Depot  
  47  10:49  Marine x2, Widow Mine  
  51  10:51  Supply Depot  
  51  10:55  Drilling Claws  
  51  10:56  Advanced Ballistics  
  51  11:11  Widow Mine  
  53  11:14  Missile Turret  
  2  12:27  Orbital Command  
  2  12:55  SCV  
  3  13:08  SCV  
  4  13:15  Supply Depot  
  4  13:20  SCV  
  5  13:32  SCV  
  4  13:37  Supply Depot  
  4  13:39  Refinery  
  4  13:44  SCV  
  5  13:49  Refinery  
  5  14:03  Barracks  
Tags
 
Add a new tag
Caveats
  • Supply blocks, unpowered buildings, or Contaminate may cause inaccurate times.
  • Supply counts are checked every 10 seconds.